 Dungeon Crawl Stone Soup version 0.19-a0-1803-g97ff39f (webtiles) character file.

5331 Naow the Severer (level 10, -13/77 HPs)
             Began as a Minotaur Berserker on Oct 5, 2016.
             Was a High Priest of Trog.
             Killed from afar by a guardian serpent (23 damage)
             ... with a bolt of poison
             ... on level 10 of the Dungeon.
             The game lasted 00:13:31 (8082 turns).

Naow the Severer (Minotaur Berserker)               Turns: 8082, Time: 00:13:32

Health: -13/77     AC: 14    Str: 23    XL:     10   Next: 38%
Magic:  9/9        EV:  7    Int:  7    God:    Trog [*****.]
Gold:   512        SH:  6    Dex:  9    Spells: 0 memorised, 9 levels left

rFire  . . .     SeeInvis .     F - +0 battleaxe (vamp)
rCold  . . .     Gourm    .     G - +0 plate armour
rNeg   . . .     Faith    .     (shield currently unavailable)
rPois  .         Spirit   .     (helmet restricted)
rElec  .         Dismiss  .     w - +1 cloak
rCorr  .         Reflect  +     (no gloves)
MR     .....     Harm     .     i - +0 pair of boots
Stlth  ..........               C - +6 amulet of reflection
                                (no ring)
                                (no ring)

@: lethally poisoned (-13 -> -37), slowed, very slow
A: retaliatory headbutt, horns 2
a: Berserk, Trog's Hand, Brothers in Arms, Burn Spellbooks, Renounce Religion


You were on level 10 of the Dungeon.
You worshipped Trog.
Trog was extremely pleased with you.
You were not hungry.

You visited 1 branch of the dungeon, and saw 10 of its levels.

You collected 512 gold pieces.

Inventory:

Hand Weapons
 a - a +0 hand axe
 F - a +0 vampiric battleaxe (weapon)
 S - a +2 antimagic executioner's axe
Armour
 b - a +0 animal skin
 i - a +0 pair of boots (worn)
 w - a +1 cloak (worn)
 x - a +2 buckler
 G - a +0 plate armour (worn)
Jewellery
 C - a +6 amulet of reflection (around neck)
 H - a cursed +5 ring of strength {unknown}
Wands
 K - a wand of iceblast (3/15)
 M - a wand of flame (41/48)
 T - a wand of slowing (12/48)
Scrolls
 g - 12 scrolls of identify {unknown}
 h - 4 scrolls of fear {unknown}
 k - 3 scrolls of magic mapping {unknown}
 l - a scroll of immolation {unknown}
 p - 4 scrolls of amnesia {unknown}
 r - 2 scrolls of random uselessness {unknown}
 s - 6 scrolls of enchant weapon {unknown}
 t - 2 scrolls of fog {unknown}
 v - a scroll of teleportation {unknown}
 y - 3 scrolls of recharging {unknown}
 z - 3 scrolls of enchant armour {unknown}
 P - a scroll of vulnerability {unknown}
 R - 2 scrolls of remove curse {unknown}
 U - a scroll of summoning {unknown}
Potions
 e - 2 potions of might {unknown}
 f - a potion of invisibility {unknown}
 j - 5 potions of heal wounds
 m - 2 potions of agility {unknown}
 n - 3 potions of haste {unknown}
 o - 2 potions of cure mutation {unknown}
 q - 2 potions of curing {unknown}
 u - 2 potions of brilliance {unknown}
 B - a potion of flight {unknown}
 D - 2 potions of berserk rage {unknown}
 E - 2 potions of mutation {unknown}
 I - 2 potions of degeneration {unknown}
 J - a potion of lignification {unknown}
 L - 2 potions of resistance {unknown}
Comestibles
 c - 5 bread rations
 d - a meat ration
 A - 4 fruits
 N - a beef jerky
 O - 10 royal jellies
 Q - 2 slices of pizza


   Skills:
 - Level 3.6 Fighting
 + Level 17.3 Axes
 - Level 2.4 Armour
 - Level 2.1 Dodging


You had 9 spell levels left.
You didn't know any spells.

Dungeon Overview and Level Annotations

Branches:
Dungeon (10/15)            Temple (0/1) D:7            Lair (0/6) D:8
    Orc: D:9-12

Altars:
Ashenzari
Cheibriados
Nemelex Xobeh
Okawaru
Sif Muna

Shops:
D:4 (   D:5 :   D:7 *   D:10 [


Innate Abilities, Weirdness & Mutations

You reflexively headbutt those who attack you in melee.
You have a pair of horns on your head.


Message History

You resist with significant effort.
You closely miss the guardian serpent.
The guardian serpent is severely wounded.
You block the guardian serpent's attack. x2
You barely miss the guardian serpent.
The guardian serpent is severely wounded.
The guardian serpent hits you!
The guardian serpent casts a spell at you.
The bolt of poison hits you!
You are poisoned.
* * * LOW HITPOINT WARNING * * *
You barely miss the guardian serpent.
Your headbutt misses the guardian serpent.
The guardian serpent is severely wounded.
* * * LOW HITPOINT WARNING * * *
You feel sick.
The guardian serpent casts a spell at you.
The bolt of poison hits you!
You are more poisoned.
You die...

#####..# #.# #.# # #..#
#.# #.# # #..# +.# #.# #
#..# #.# #.######## +.
#.........
#.##########(........
#....................
#....................
#...@...........#####
#..S............#....
...................#....
...................#....
###.#############..#....
+. #..#'#+# # #.......
#######† #.


You could see a guardian serpent.

Vanquished Creatures
  Pikel (D:7)
  A hill giant (D:8)
  Sigmund (D:2)
  A hungry ghost (D:7)
  A steam dragon (D:8)
  2 insubstantial wisps (D:8)
  3 orc warriors
  Purgy (D:3)
  5 sky beasts
  A slave (D:7)
  2 ice beasts
  An eye of draining (D:9)
  A phantom (D:7)
  A centaur (D:5)
  6 ogres
  A necrophage (D:8)
  2 big kobolds
  A bullfrog (D:8)
  3 wights (D:9)
  3 crimson imps
  5 jellies
  5 hounds
  Crazy Yiuf (D:7)
  7 orc priests
  A gnoll shaman (D:8)
  8 orc wizards
  An iguana (D:8)
  5 worker ants
  Natasha (thrice) (D:3)
  A hound zombie (D:6)
  A worker ant zombie (D:10)
  Robin (D:3)
  15 gnolls
  8 adders
  5 oozes (D:10)
  An adder zombie (D:8)
  2 adder skeletons
  A worm (D:8)
  3 dart slugs
  9 leopard geckos
  28 orcs
  2 ball pythons
  5 giant cockroaches
  8 hobgoblins (D:3)
  7 jackals
  10 kobolds
  A quokka (D:3)
  13 bats
  2 frilled lizards
  18 goblins
  2 leopard gecko skeletons
  A quokka skeleton (D:6)
  11 rats
  3 fungi (D:8)
232 creatures vanquished.

Vanquished Creatures (others)
  A sky beast (D:8)
  A slave (D:7)
  A bullfrog (D:8)
3 creatures vanquished.

Grand Total: 235 creatures vanquished

Notes
Turn   | Place    | Note
-------+----------+-------------------------------------------
     0 | D:1      | Naow the Minotaur Berserker began the quest for the Orb.
     0 | D:1      | Reached XP level 1. HP: 19/19 MP: 0/0
    74 | D:1      | Reached skill level 4 in Axes
    74 | D:1      | Reached XP level 2. HP: 21/26 MP: 1/1
   349 | D:1      | Reached skill level 5 in Axes
   395 | D:1      | Reached XP level 3. HP: 24/31 MP: 2/2
   964 | D:2      | Noticed Sigmund
   975 | D:2      | Killed Sigmund
   975 | D:2      | Reached skill level 7 in Axes
   975 | D:2      | Reached XP level 4. HP: 35/39 MP: 3/3
   975 | D:2      | Reached XP level 5. HP: 40/45 MP: 4/4
  1661 | D:2      | Found a deep blue altar of Sif Muna.
  1788 | D:3      | Noticed Robin
  1797 | D:3      | Reached ** piety under Trog
  1806 | D:3      | Killed Robin
  1815 | D:3      | Reached skill level 8 in Axes
  2016 | D:3      | Noticed Natasha
  2024 | D:3      | Killed Natasha
  2024 | D:3      | Reached XP level 6. HP: 42/51 MP: 5/5
  2395 | D:3      | Noticed Natasha
  2401 | D:3      | Killed Natasha
  2423 | D:3      | Noticed Natasha
  2427 | D:3      | Killed Natasha
  2489 | D:3      | Noticed Purgy
  2498 | D:3      | Killed Purgy
  2498 | D:3      | Reached skill level 9 in Axes
  2633 | D:3      | Reached *** piety under Trog
  2738 | D:4      | Reached XP level 7. HP: 37/57 MP: 6/6
  2744 | D:4      | Found Wihomir's Antique Weapon Shop.
  2937 | D:4      | Reached skill level 10 in Axes
  3691 | D:4      | Reached skill level 11 in Axes
  3736 | D:4      | Reached XP level 8. HP: 64/64 MP: 7/7
  4147 | D:5      | Entered Level 5 of the Dungeon
  4327 | D:5      | Reached skill level 12 in Axes
  4432 | D:5      | Found Plog's Book Emporium.
  4591 | D:6      | Found a shattered altar of Ashenzari.
  4599 | D:6      | Found a sparkling altar of Nemelex Xobeh.
  5315 | D:7      | Reached skill level 13 in Axes
  5500 | D:7      | Found a staircase to the Ecumenical Temple.
  5523 | D:7      | Reached **** piety under Trog
  5755 | D:7      | Noticed Pikel
  5767 | D:7      | Killed Pikel
  5767 | D:7      | Reached skill level 14 in Axes
  5767 | D:7      | Reached XP level 9. HP: 70/70 MP: 8/8
  5779 | D:7      | Found an iron altar of Okawaru.
  5903 | D:7      | Found Fuqaej's General Store.
  6012 | D:7      | Found a runed door.
  6111 | D:7      | Reached skill level 15 in Axes
  6275 | D:7      | Noticed Crazy Yiuf
  6278 | D:7      | Killed Crazy Yiuf
  6329 | D:8      | Found a staircase to the Lair.
  6441 | D:8      | Noticed a hill giant
  6450 | D:8      | Killed a hill giant
  6450 | D:8      | Reached skill level 16 in Axes
  6450 | D:8      | Reached XP level 10. HP: 24/77 MP: 9/9
  6747 | D:8      | Reached ***** piety under Trog
  7222 | D:8      | Found a snail-covered altar of Cheibriados.
  7700 | D:9      | Received a gift from Trog
  7703 | D:9      | Reached skill level 17 in Axes
  7875 | D:10     | Entered Level 10 of the Dungeon
  7884 | D:10     | Found Emaisid's Antique Armour Emporium.
  8073 | D:10     | Noticed a guardian serpent
  8082 | D:10     | Killed from afar by a guardian serpent

Vault maps used:
D:1:      dpeg_arrival_rooms_c
D:2:      lemuel_round_altar, first_bread, serial_bayou_pond_c,
          minmay_misc_feat_columns, uniq_sigmund
D:3:      uniq_robin, uniq_natasha, uniq_purgy
D:4:      serial_shops, shop
D:5:      serial_shops, shop
D:6:      nemelex_xobeh_ov_fountains_minmay, ashenzari_altar_1
D:7:      serial_shops, shop, okawaru_trees_2, uniq_pikel,
          uniq_crazy_yiuf_cottage
D:8:      cheibrodos_worm_habitat, dpeg_oklobed_lair, hangedman_misty_isle
D:9:      cheibrodos_elevator_heist
D:10:     basic_altar, nicolae_trove_entry_free_sample, serial_shops, shop,
          hangedman_little_slice_of_home, nrook_guardian_serpent_ordinary

Skill      XL: |  1  2  3  4  5  6  7  8  9 10 |
---------------+-------------------------------+-----
Axes           | 4 5 7 8 9 11 14 16 17 | 17.3
Fighting       | |  3.6
Armour         | |  2.4
Dodging        | |  2.1

Action                   |  1- 3 |  4- 6 |  7- 9 | 10-12 || total
-------------------------+-------+-------+-------+-------++-------
Melee: Hand axe          |    59 |   140 |   122 |       ||   321
       Headbutt          |     8 |    25 |    54 |    31 ||   118
       Battleaxe         |       |       |   172 |   140 ||   312
Invok: Berserk           |     1 |     4 |    10 |     2 ||    17
 Stab: Sleeping          |       |     1 |       |       ||     1
  Eat: Chunk             |       |    11 |    18 |     9 ||    38
       Meat ration       |       |       |     2 |       ||     2
Armor: Animal skin       |     9 |    18 |    12 |       ||    39
       Plate armour      |       |       |    78 |    62 ||   140
Dodge: Dodged            |    63 |    77 |    73 |    24 ||   237
Block: Buckler           |       |       |    10 |       ||    10
       Other             |       |       |    37 |    35 ||    72
       Reflection        |       |       |     2 |     1 ||     3
